 Dungeon Crawl Stone Soup version 0.17-a0-1115-g0372368 (webtiles) character file.

34 Hanyuu the Insei (level 3, -3/23 HPs)
             Began as an Octopode Transmuter on May 22, 2015.
             Slain by a worm (12 damage)
             ... on level 2 of the Dungeon.
             The game lasted 00:02:08 (1035 turns).

Hanyuu the Insei (Octopode Transmuter)              Turns: 1035, Time: 00:02:08

Health: -3/23      AC:  1    Str:  9    XL:     3   Next: 31%
Magic:  15/15      EV: 12    Int: 16    God:
Gold:   76         SH:  0    Dex: 12    Spells: 3 memorised, 0 levels left

rFire  . . .     SeeInvis .       - Unarmed
rCold  . . .     Clarity  .     (no shield)
rNeg   + . .     SustAt   .     (helmet restricted)
rPois  .         Gourm    .     (no amulet)
rElec  .         Spirit   .     e - ring of positive energy
rCorr  .         Warding  .     g - ring of magical power
rMut   .         Stasis   .     (no ring)
MR     .....                    (no ring)
Stlth  ++........               (no ring)
                                (no ring)
                                (no ring)
                                (no ring)

@: not resistant to hostile enchantments, unstealthy
A: almost no armour, amphibious, 8 rings, constrict 8, camouflage 1, gelatinous
body 1
a: no special abilities


You were on level 2 of the Dungeon.
You were not hungry.

You visited 1 branch of the dungeon, and saw 2 of its levels.

You collected 76 gold pieces.

Inventory:

Missiles
 a - 12 arrows
Jewellery
 e - a ring of positive energy (left tentacle)
 g - a ring of magical power (right tentacle)
Scrolls
 h - a scroll of identify {unknown}
 i - a scroll of teleportation {unknown}
 k - a scroll of remove curse {unknown}
 l - a scroll of fear {unknown}
Potions
 d - a potion of flight {unknown}
Books
 b - a book of Changes

   Spells                             Type                      Level
   a - Beastly Appendage              Transmutation                1
   b - Sticks to Snakes               Transmutation                2
   c - Spider Form                    Transmutation/Poison         3
   d - Ice Form                       Ice/Transmutation            4
   e - Blade Hands                    Transmutation                5
Comestibles
 c - a bread ration
 f - a beef jerky
 j - 2 chunks of flesh


   Skills:
 - Level 1.0 Fighting
 - Level 2.0 Dodging
 + Level 4.3 Unarmed Combat
 - Level 2.0 Spellcasting
 - Level 2.0 Transmutations


You couldn't memorise any spells.
You knew the following spells:

 Your Spells              Type           Power        Failure   Level  Hunger
a - Beastly Appendage     Trmt           #.....       10%         1    #......
b - Sticks to Snakes      Trmt           #.........   14%         2    ###....
c - Spider Form           Trmt/Pois      #.........   38%         3    ###....


Dungeon Overview and Level Annotations

Branches:
Dungeon (2/15)

Altars:


Innate Abilities, Weirdness & Mutations

You cannot wear most types of armour.
You are amphibious.
You can wear up to eight rings at the same time.
You can use your tentacles to constrict eight enemies at once.
Your skin changes colour to match your surroundings (Stealth).
Your rubbery body absorbs attacks (AC +1).


Message History

The helpless worm fails to defend itself.
You tentacle-slap the worm. Your grab misses the worm.
The worm is lightly wounded.
The worm bites you!
You tentacle-slap the worm. You grab the worm.
The worm is lightly wounded.
You constrict the worm.
You tentacle-slap the worm but do no damage.
The worm is moderately wounded.
You constrict the worm. The worm bites you.
You tentacle-slap the worm but do no damage.
You tentacle-slap the worm, but do no damage.
The worm is moderately wounded.
You constrict the worm.
You tentacle-slap the worm but do no damage.
You squeeze the worm.
The worm is moderately wounded.
You constrict the worm. The worm bites you!
Ouch! That really hurt!
You die...

.# .# .#####
.....####################
.###................##..##
.# ################......#
.# ####..## .# #######...#
## #w@.....### #.#######
... ..... ....### .###


You could see a worm.

Vanquished Creatures
  An adder (D:2)
  An ooze (D:1)
  4 bats
  2 goblins
  2 hobgoblins (D:1)
  4 jackals (D:1)
  2 kobolds (D:1)
  A ball python (D:2)
  A giant cockroach (D:1)
  A giant newt (D:1)
  3 rats (D:1)
22 creatures vanquished.

Notes
Turn   | Place    | Note
--------------------------------------------------------------
     0 | D:1      | Hanyuu the Octopode Transmuter began the quest for the Orb.
     0 | D:1      | Reached XP level 1. HP: 13/13 MP: 3/3
   123 | D:1      | Reached XP level 2. HP: 15/18 MP: 3/5
   596 | D:1      | Reached skill level 4 in Unarmed Combat
   919 | D:2      | Reached XP level 3. HP: 20/23 MP: 6/6
   932 | D:2      | Learned a level 2 spell: Sticks to Snakes
   936 | D:2      | Learned a level 3 spell: Spider Form
  1035 | D:2      | Slain by a worm

Vault maps used:
D:1:      nicolae_arrival_washed_ashore

Action                   || total
-------------------------++-------
Melee: Unarmed           ||    57
 Cast: Beastly Appendage ||     2
 Stab: Sleeping          ||     4
